Map: 锈化山巅-天梯版

Players

iGMacSed (MacSed) - Winner!

  • Race: Protoss Protoss
  • League: Grandmaster

TIME (Oliveira)

  • Race: Terran Terran
  • League: Grandmaster

Event: DreamHack SC2 Masters 2021 Fall

VOD

Have the link to the VOD?

Description

Time

  • Played on: Aug. 6, 2021, 7:13 a.m.
  • Length: 9:15

All games in this series

Show
View Real Time Build Order
Export as new Build Order

iGMacSed Protoss - Winner!

Build Orders: 1 Gate Expand, Blink Stalkers, Zealot Archon 

Get SALT Encoding   

  12  0:00  Probe  
  13  0:12  Probe  
  14  0:17  Pylon  
  14  0:24  Probe (Chrono Boost)  
  15  0:36  Gateway, Probe (Chrono Boost)  
  16  0:44  Probe (Chrono Boost)  
  16  0:45  Assimilator  
  17  0:50  Probe  
  18  1:03  Probe  
  19  1:15  Probe  
  20  1:23  Cybernetics Core  
  20  1:31  Nexus  
  20  1:38  Pylon  
  20  1:42  Probe  
  21  1:48  Assimilator  
  21  1:54  Probe  
  21  1:57  Adept (Chrono Boost)  
  21  2:01  Warp Gate  
  24  2:06  Probe  
  25  2:18  Probe (Chrono Boost)  
  26  2:25  Twilight Council  
  27  2:30  Probe (Chrono Boost)  
  27  2:33  Stalker  
  29  2:37  Gateway  
  29  2:38  Probe (Chrono Boost)  
  29  2:43  Probe (Chrono Boost)  
  32  2:52  Probe (Chrono Boost)  
  32  2:53  Probe (Chrono Boost)  
  32  2:57  Blink (Chrono Boost)  
  32  2:58  Probe (Chrono Boost)  
  33  2:59  Probe  
  35  3:10  Probe  
  35  3:12  Gateway  
  36  3:15  Probe  
  37  3:22  Probe  
  37  3:23  Robotics Facility  
  38  3:28  Probe  
  38  3:31  Gateway  
  39  3:34  Probe  
  39  3:40  Probe  
  41  3:44  Pylon  
  41  3:46  Probe  
  42  3:49  Stalker  
  42  3:50  Stalker  
  46  3:57  Pylon  
  46  4:02  Probe  
  47  4:06  Probe  
  47  4:08  Pylon  
  48  4:11  Observer, Stalker  
  51  4:17  Probe  
  51  4:19  Stalker  
  51  4:21  Pylon, Probe  
  51  4:22  Assimilator  
  55  4:29  Probe  
  56  4:32  Stalker x2  
  56  4:33  Pylon  
  56  4:37  Probe  
  61  4:40  Assimilator  
  61  4:42  Probe  
  62  4:45  Warp Prism (Chrono Boost)  
  62  4:50  Probe  
  65  4:54  Probe  
  66  5:02  Nexus  
  66  5:11  Templar Archives  
  66  5:12  Forge  
  66  5:21  Probe  
  66  5:23  Probe  
  68  5:30  Charge  
  68  5:33  Probe  
  68  5:35  Probe  
  70  5:41  Psionic Storm  
  70  5:44  Gateway  
  70  5:46  Gateway, Probe  
  70  5:47  Probe  
  69  5:50  Stalker x3  
  69  5:56  Pylon  
  70  6:06  Probe (Chrono Boost)  
  70  6:10  Probe (Chrono Boost)  
  72  6:16  Protoss Ground Armor Level 1 (Chrono Boost)  
  72  6:18  Probe (Chrono Boost)  
  74  6:20  Probe (Chrono Boost)  
  74  6:21  Probe (Chrono Boost)  
  74  6:22  High Templar  
  74  6:23  Probe (Chrono Boost)  
  78  6:27  Probe  
  78  6:28  High Templar  
  81  6:33  Probe x2  
  81  6:34  Gateway  
  81  6:36  Gateway  
  83  6:42  High Templar  
  83  6:49  Pylon, Zealot  
  85  6:54  Gateway  
  85  6:56  High Templar  
  85  6:57  Gateway  
  85  7:01  Zealot x3  
  91  7:03  Immortal (Chrono Boost)  
  97  7:12  Probe x2  
  97  7:14  Pylon  
  97  7:15  Zealot x2  
  103  7:18  Probe  
  104  7:23  Pylon  
  104  7:24  Zealot x3, Probe  
  104  7:29  Zealot x2  
  115  7:34  Warp Prism (Chrono Boost)  
  115  7:40  High Templar x2  
  115  7:41  Zealot  
  123  7:44  Archon  
  123  7:45  Zealot x2  
  127  8:03  Zealot x4  
  133  8:07  Pylon x2  
  133  8:10  Pylon  
  133  8:11  Pylon  
  131  8:21  Observer  
  131  8:25  Zealot x6  
  121  8:30  Zealot x4  
  121  8:32  Archon  
  113  8:35  Archon  
  111  8:46  Stalker x4, Zealot x2  
  117  8:52  Zealot  
  117  8:53  Zealot x3  
Show
View Real Time Build Order
Export as new Build Order

TIME Terran 

Build Orders:  

Get SALT Encoding   

  12  0:00  SCV  
  13  0:12  SCV  
  14  0:16  Supply Depot  
  14  0:24  SCV  
  15  0:38  SCV  
  15  0:40  Barracks  
  16  0:44  Refinery  
  16  0:50  SCV  
  17  1:02  SCV  
  18  1:14  SCV  
  19  1:28  Marine, Orbital Command  
  20  1:43  Command Center  
  20  1:47  Barracks Reactor  
  20  1:51  Supply Depot  
  20  1:54  SCV  
  21  2:06  SCV  
  21  2:07  Factory  
  22  2:18  SCV  
  23  2:23  Marine x2  
  23  2:29  Refinery  
  25  2:30  SCV  
  26  2:42  Marine x2  
  26  2:43  SCV  
  31  2:51  Starport  
  31  2:57  Starport  
  31  2:59  Widow Mine, Orbital Command  
  31  3:00  SCV  
  31  3:02  Marine  
  31  3:04  Marine  
  35  3:12  SCV  
  35  3:20  Marine, Widow Mine  
  35  3:22  Marine  
  35  3:24  Supply Depot  
  35  3:25  SCV  
  40  3:27  SCV  
  41  3:34  Medivac  
  41  3:37  SCV  
  41  3:38  Marine  
  41  3:39  SCV  
  46  3:42  Factory Tech Lab  
  46  3:46  Marine, Supply Depot  
  47  3:50  SCV  
  47  3:51  SCV  
  49  3:56  Marine  
  49  4:01  Siege Tank  
  53  4:03  SCV  
  53  4:07  Marine  
  53  4:08  SCV  
  53  4:09  Supply Depot  
  56  4:14  Marine  
  56  4:15  SCV  
  56  4:16  Liberator  
  61  4:20  SCV  
  61  4:23  Supply Depot  
  62  4:30  Marine, SCV  
  64  4:32  Marine, SCV  
  64  4:37  Siege Tank  
  69  4:43  SCV  
  68  4:47  Command Center  
  68  4:48  Marine  
  68  4:50  Marine  
  68  4:51  SCV  
  71  4:55  Bunker  
  71  4:58  SCV  
  72  5:02  Starport Tech Lab  
  72  5:03  SCV  
  72  5:06  Barracks  
  73  5:07  Barracks  
  73  5:09  Siege Tank  
  73  5:10  Supply Depot  
  73  5:11  Marine  
  76  5:17  SCV  
  76  5:19  SCV  
  72  5:29  SCV  
  72  5:30  Engineering Bay  
  72  5:31  Marine x2, SCV  
  72  5:33  Refinery x2, Engineering Bay  
  72  5:35  Supply Depot  
  76  5:41  SCV  
  77  5:43  SCV  
  77  5:44  Siege Tank  
  80  5:54  SCV  
  78  5:57  Barracks Tech Lab  
  78  5:58  SCV  
  78  6:00  Orbital Command  
  78  6:03  Marine  
  77  6:05  Terran Infantry Weapons Level 1  
  77  6:06  Marine x2  
  77  6:07  Stimpack  
  77  6:08  SCV  
  77  6:10  SCV  
  81  6:16  Terran Infantry Armor Level 1  
  81  6:18  Barracks x2  
  81  6:20  Marine, SCV, Orbital Command  
  81  6:22  SCV  
  81  6:24  Marine  
  81  6:25  Marine  
  86  6:27  Marine  
  86  6:30  Factory Reactor  
  86  6:31  Starport Reactor  
  86  6:32  SCV  
  88  6:34  SCV  
  88  6:39  Combat Shield  
  89  6:44  SCV  
  89  6:46  SCV  
  91  6:47  Marauder  
  91  6:48  Marine x2, Marauder  
  91  6:49  SCV  
  91  6:51  Supply Depot  
  91  6:54  Supply Depot  
  98  6:55  Supply Depot  
  98  6:56  SCV  
  98  6:58  SCV  
  101  7:01  SCV  
  101  7:07  Barracks Reactor  
  101  7:08  SCV  
  101  7:10  SCV  
  101  7:12  Marine x2, Barracks Tech Lab, Marauder x2  
  101  7:13  SCV, Medivac x2  
  101  7:14  Widow Mine  
  116  7:16  Widow Mine  
  116  7:19  Refinery  
  116  7:20  Refinery, SCV  
  119  7:22  SCV  
  119  7:23  Supply Depot  
  119  7:26  SCV  
  119  7:28  Armory  
  121  7:32  Marine x2, Marauder  
  121  7:33  SCV  
  121  7:34  Missile Turret  
  121  7:35  SCV  
  127  7:38  SCV, Widow Mine x2  
  127  7:41  Supply Depot  
  132  7:45  Marine, Marauder  
  132  7:47  Supply Depot  
  132  7:49  Medivac x2  
  140  7:51  SCV x2  
  140  7:55  SCV  
  139  8:03  SCV  
  139  8:04  Marine x2, Marauder  
  148  8:05  Widow Mine x2  
  148  8:14  Command Center  
  148  8:15  Ghost Academy  
  115  8:30  Marine x4  
  115  8:31  Marauder x2  
  115  8:32  Widow Mine x2, Medivac  
  109  8:37  Marine  
  88  8:45  SCV x2  
  88  8:46  SCV  
  88  8:48  Marine x2  
  86  8:52  Marine x2  
  86  8:53  Marauder  
  87  8:57  SCV  

Tags
 
Add a new tag
Caveats
  • Supply blocks, unpowered buildings, or Contaminate may cause inaccurate times.
  • Supply counts are checked every 10 seconds.